 Dungeon Crawl Stone Soup version 0.30.0-5-g1a98f26d00 (webtiles) character file.

Game seed: 4122929975927389840

274 Jarnaxa the Magician (level 6, -12/33 HPs)
             Began as a Deep Elf Ice Elementalist on May 8, 2023.
             Mangled by a kobold
             ... wielding a +2 rapier of distortion
              (16 damage)
             ... on level 3 of the Dungeon.
             The game lasted 00:05:29 (2317 turns).

Jarnaxa the Magician (Deep Elf Ice Elementalist)    Turns: 2317, Time: 00:05:30

Health: -12/33     AC: 10    Str:  5    XL:     6   Next: 3%
Magic:  9/17       EV: 13    Int: 22    God:
Gold:   137        SH:  0    Dex: 15    Spells: 10/17 levels left

rFire   . . .        (no weapon)
rCold   . . .        (no shield)
rNeg    . . .        a - +0 robe
rPois   +            (no helmet)
rElec   .            (no cloak)
rCorr   .            m - +0 pair of gloves
SInv    .            (no boots)
Will    .....        (no amulet)
Stlth   ++           f - ring of poison resistance
HPRegen 0.25/turn    (no ring)
MPRegen 0.15/turn

%: no passive effects
@: ice-armoured
A: no striking features
a: no special abilities


You were on level 3 of the Dungeon.
You visited 1 branch of the dungeon, and saw 3 of its levels.

You collected 137 gold pieces.

Inventory:

Armour
 a - a +0 robe (worn)
 m - a +0 pair of gloves (worn)
Jewellery
 f - a ring of poison resistance (left hand)
Scrolls
 c - 5 scrolls of identify
 i - a scroll of teleportation
Potions
 b - a potion of magic
 d - 2 potions of attraction
 e - a potion of curing
 g - a potion of invisibility {unknown}
 h - a potion of haste {unknown}
 j - a potion of mutation {unknown}
 k - 2 potions of flight {unknown}
 l - a potion of degeneration {unknown}


   Skills:
 + Level 0.4 Fighting
 + Level 2.9 Dodging
 + Level 3.0 Stealth
 + Level 6.1 Spellcasting
 + Level 6.1 Ice Magic


You had 10 spell levels left.
You knew the following spells:

 Your Spells              Type           Power      Damage    Failure   Level
a - Freeze                Ice            100%       1d10      1%          1
b - Frozen Ramparts       Ice            66%        1d10      2%          3
c - Ozocubu's Armour      Ice            33%        N/A       2%          3

Your spell library contained the following spells:

 Spells                   Type           Power      Damage    Failure   Level
 Beastly Appendage        Tmut           12%        N/A       9%          1
 Wereblood                Tmut           6%         N/A       14%         2
 Spider Form              Tmut/Pois      6%         N/A       26%         3
 Summon Ice Beast         Ice/Summ       20%        N/A       26%         4
 Malign Gateway           Summ/Tloc      3%         N/A       100%        7
 Summon Horrible Things   Summ           3%         N/A       100%        8


Dungeon Overview and Level Annotations

Branches:
Dungeon (3/15)

Altars:
The Shining One
Lugonu


Message History

You kill the kobold!
The kobold hits you with a +0 whip.
Casting: Freeze (safe; 1% risk of failure)
Confirm with . or Enter, or press ? or * to list all spells.
Aiming: Freeze (safe; 1% risk of failure)
Press: ? - help, Shift-Dir - straight line, f - kobold
Aim: a kobold, wielding a +0 whip of distortion You freeze the kobold!
You kill the kobold!
The kobold barely misses you.
Casting: Freeze (safe; 1% risk of failure)
Confirm with . or Enter, or press ? or * to list all spells.
Aiming: Freeze (safe; 1% risk of failure)
Press: ? - help, Shift-Dir - straight line, f - kobold
Aim: a kobold, wielding a +0 whip and quivering stones You freeze the kobold.
The kobold is moderately wounded.
The kobold closely misses you.
Casting: Freeze (safe; 1% risk of failure)
Confirm with . or Enter, or press ? or * to list all spells.
Aiming: Freeze (safe; 1% risk of failure)
Press: ? - help, Shift-Dir - straight line, f/p - kobold
Aim: a kobold, wielding a +0 whip and quivering stones (moderately wounded)
You freeze the kobold.
The kobold is severely wounded.
The kobold hits you but does no damage. Space warps horribly around you!!
Ouch! That really hurt!
* * * LOW HITPOINT WARNING * * *
You feel better. The kobold hits you but does no damage.
The kobold hits you with a +2 rapier of distortion.
* * * LOW HITPOINT WARNING * * *
Casting: Freeze (safe; 1% risk of failure)
Confirm with . or Enter, or press ? or * to list all spells.
Aiming: Freeze (safe; 1% risk of failure)
Press: ? - help, Shift-Dir - straight line, f - kobold, p - kobold
Aim: a kobold, wielding a +0 dagger You freeze the kobold.
You kill the kobold!
The kobold hits you but does no damage. Space warps horribly around you!
You die...

#.#?......###.# ##
#.##..##### #.# #
****#.J#>## #.#
*****,*,#..#.# #.#
****,**.,,**#...#### #.#
**,*,,,*#§§,,#.#†...# #.#
*,,*,∩,,§§§.####.##.# #.#
*,,*,,,*#§§...)K.#*,# #.#
*,***,**#§....K@.#*,* #.#
*,******....####.#*,**###.#
*,,,,***##.,* #.#,,,,..#.#
****,,***,*** #.######.#.#
**,,,*******#.#....#.#.#
***,***,,,,..#.#..#.#.#
*,,,,,***###.#.##.#.#
*****,* #.#......# ###*,*
#.#..#.###


You could see 2 kobolds.

Vanquished Creatures
  Sigmund (D:3)
  A hound (D:2)
  4 adders
  A worm (D:3)
  A dart slug (D:2)
  3 ball pythons
  4 endoplasms
  4 giant cockroaches
  3 goblins
  5 hobgoblins
  7 quokkas
  7 bats
  2 frilled lizards (D:1)
  8 kobolds
  5 rats
56 creatures vanquished.

Notes
Turn   | Place    | Note
-------+----------+-------------------------------------------
     0 | D:1      | Jarnaxa the Deep Elf Ice Elementalist began the quest for
                  | the Orb.
     0 | D:1      | Reached XP level 1. HP: 10/10 MP: 6/6
   195 | D:1      | Reached XP level 2. HP: 14/15 MP: 5/8
   801 | D:2      | Reached skill level 5 in Ice Magic
   801 | D:2      | Reached XP level 3. HP: 20/20 MP: 4/10
   805 | D:2      | Learned a level 3 spell: Frozen Ramparts
   809 | D:2      | Learned a level 3 spell: Ozocubu's Armour
  1206 | D:2      | Reached XP level 4. HP: 24/24 MP: 8/12
  1922 | D:3      | Found a glowing golden altar of the Shining One.
  2075 | D:3      | Reached skill level 5 in Spellcasting
  2120 | D:3      | Noticed Sigmund
  2127 | D:3      | Killed Sigmund
  2128 | D:3      | Reached XP level 5. HP: 8/28 MP: 10/15
  2128 | D:3      | Reached XP level 6. HP: 10/33 MP: 11/17
  2149 | D:3      | Found a faded altar of an unknown god.
  2300 | D:3      | Found a large runed translucent door.
  2301 | D:3      | Found a large runed translucent door.
  2301 | D:3      | Found a corrupted altar of Lugonu.
  2317 | D:3      | Mangled by a kobold

Illustrated notes

Levels and vault maps discovered:
D:1:      scummos_arrival_forest, layout_rooms, serial_aquarium,
          aquarium_bridge_square [aquarium_subvault_window,
          aquarium_subvault_bridge, aquarium_subvault_bridge,
          aquarium_subvault_window], aquarium_bridge_straight
          [aquarium_subvault_bridge, aquarium_subvault_wall,
          aquarium_subvault_bridge, aquarium_subvault_window],
          aquarium_window_fake, aquarium_window_corridor_3,
          aquarium_window_fake, aquarium_window_fake, aquarium_view_2b,
          minmay_tetromino_i2
D:2:      layout_basic
D:3:      due_chaos_kobolds, layout_basic, nicolae_tso_swordbearing_angel,
          dreamdust_ecumenical_altar_hidden_monk_grotto, uniq_sigmund, uniq_ijyb

Skill      XL: |  1  2  3  4 |
---------------+-------------+-----
Spellcasting   | 4 6 |  6.1
Ice Magic      | 5 6 |  6.1
Stealth        | 3 |  3.0
Fighting       | |  0.4
Dodging        | |  2.9

Action                     |  1- 3 |  4- 6 || total
---------------------------+-------+-------++-------
  Melee: Unarmed           |     5 |     4 ||     9
         Punch             |     1 |       ||     1
   Cast: Freeze            |    46 |    32 ||    78
         Frozen Ramparts   |       |     2 ||     2
         Ozocubu's Armour  |       |     1 ||     1
    Use: Scroll            |     4 |     3 ||     7
         Potion            |       |     1 ||     1
   Stab: Distracted        |     1 |       ||     1
 Armour: Robe              |     9 |     8 ||    17
  Dodge: Dodged            |    22 |    20 ||    42
